AoeStats
← Fs.Black_

Nomad

505567430Analyzed
4v4 RM · 24d ago on Sep 10, 2026· 37m 18s· 8 players
Game mode
Random Map
Map size
231×231
Population
200
Speed
Normal
Resources
Standard
Victory
Conquest
Starting age
Dark Age
Ending age
Imperial Age
RankedLock teamsTeams togetherTeam positionsShared explorationLock speedFull tech treeHidden civsTurbo modeCheats
Victory
Defeat
1772
+10
🇺🇸 Dravidians · United States
1659
+14
🇺🇸 Muisca · United States
1567
+18
🇮🇪 Koreans · Ireland
1474
+20
🇧🇷 Celts · Brazil
1715
-20
🇧🇷 Dravidians · Brazil
1616
-16
🇧🇷 Italians · Brazil
1605
-15
🇧🇷 Spanish · Brazil
1501
-11
Fs.Kawan
4:45 Loom
12:06 Feudal Age
17:33 Castle Age
15:39 Fishing Lines
17:23 Fletching
fs. seggaty skins
5:25 Loom
13:53 Feudal Age
18:03 Castle Age
18:24 Padded Archer Armor
19:41 Leather Archer Armor
20:10 Double-Bit Axe
22:17 Bow Saw
22:24 Horse Collar
26:52 Bloodlines
28:49 Fletching
32:14 Wheelbarrow
33:07 Guard Tower
33:56 Bodkin Arrow
34:33 Ballistics
Fs.Costinha
5:02 Loom
13:05 Feudal Age
17:47 Castle Age
16:03 Stone Mining
16:58 Gold Mining
18:57 Double-Bit Axe
20:27 Bow Saw
20:29 Fletching
24:09 Fishing Lines
27:32 Thumb Ring
28:41 Bodkin Arrow
28:42 Gillnets
33:55 Imperial Age
31:34 Crossbowman
31:38 Elite Skirmisher
32:26 Padded Archer Armor
33:32 Leather Archer Armor
34:17 Wheelbarrow
33:28 Town Watch
34:10 Crossbowman
37:10 Two-Man Saw
37:08 Conscription
37:03 Bracer
Fs.Black_
5:16 Loom
13:00 Feudal Age
16:55 Castle Age
16:18 Double-Bit Axe
16:31 Town Watch
17:48 Bow Saw
21:51 Fletching
23:52 Bodkin Arrow
25:52 Scale Mail Armor
27:24 Forging
36:47 Imperial Age
37:22 Iron Casting
Ro Ro Din Bat
12:43 Feudal Age
16:17 Castle Age
14:23 Double-Bit Axe
15:37 Loom
16:03 Loom
17:13 Bow Saw
17:33 Fishing Lines
17:50 Fletching
19:59 Bodkin Arrow
24:56 Sanctity
27:52 Fervor
27:54 Redemption
Madbun
5:31 Loom
13:26 Feudal Age
17:45 Castle Age
16:46 Double-Bit Axe
17:08 Stone Mining
28:11 Fletching
Bread Pudding With Bum Sauce
7:54 Loom
12:19 Feudal Age
16:26 Castle Age
18:14 Fletching
24:26 Bodkin Arrow
27:11 Padded Archer Armor
30:20 Town Watch
30:23 Double-Bit Axe
36:08 Leather Archer Armor
36:40 Bow Saw
36:12 Horse Collar
Chris
5:06 Loom
13:58 Feudal Age
14:52 Town Watch
17:39 Castle Age
15:27 Double-Bit Axe
16:50 Fletching
18:29 Bodkin Arrow
18:05 Crossbowman
21:16 Horse Collar
23:50 Bow Saw
28:35 Ballistics
29:51 Wheelbarrow
33:15 Padded Archer Armor
36:32 Imperial Age
34:36 Gold Mining
36:11 Thumb Ring
37:01 Leather Archer Armor
37:21 Bracer
38:28 Chemistry
Connection lost

Rejoining the realm…

Still unreachable

The connection could not be restored.

Session expired

The server has moved on; the page needs a fresh start.